 Dungeon Crawl Stone Soup version 0.17-a0-1515-gfae3d72 (webtiles) character file.

313 amnekian the Slasher (level 6, -8/47 HPs)
             Began as a Human Fighter on July 12, 2015.
             Mangled by a crocodile (14 damage)
             ... on level 4 of the Dungeon.
             The game lasted 00:12:26 (3617 turns).

amnekian the Slasher (Human Fighter)                Turns: 3617, Time: 00:12:26

Health: -8/47      AC: 10    Str: 23    XL:     6   Next: 71%
Magic:  6/6        EV:  8    Int:  8    God:
Gold:   223        SH: 10    Dex: 15    Spells: 0 memorised, 5 levels left

rFire  . . .     SeeInvis .     a - +0 long sword
rCold  . . .     Clarity  .     C - +4 ring mail
rNeg   . . .     SustAt   .     c - +0 shield
rPois  .         Gourm    .     (no helmet)
rElec  .         Spirit   .     j - +0 cloak
rCorr  .         Warding  .     (no gloves)
rMut   .         Stasis   .     (no boots)
MR     .....                    (no amulet)
Stlth  +.........               (no ring)
                                y - +2 ring of dexterity

@: mighty, not resistant to hostile enchantments, very unstealthy
A: no striking features
a: no special abilities


You were on level 4 of the Dungeon.
You were not hungry.

You visited 1 branch of the dungeon, and saw 5 of its levels.

You collected 223 gold pieces.

Inventory:

Hand weapons
 a - a +0 long sword (weapon)
Missiles
 g - 5 javelins
 i - 6 tomahawks (quivered)
 s - 16 poisoned needles
Armour
 c - a +0 shield (worn)
 j - a +0 cloak (worn)
 C - a +4 ring mail (worn)
Jewellery
 y - a +2 ring of dexterity (left hand)
Scrolls
 o - 2 scrolls of remove curse
 w - a scroll of fog
 x - a scroll of enchant armour
Potions
 p - a potion of mutation
 q - a potion of heal wounds {unknown}
 r - a potion of poison {unknown}
 A - a potion of magic {unknown}
Comestibles
 e - 4 bread rations
 k - 2 meat rations
 m - 2 fruits
 t - 2 beef jerkies
 v - a slice of pizza


   Skills:
 - Level 3.0 Fighting
 + Level 6.6 Long Blades
 - Level 3.0 Armour
 - Level 3.0 Shields


You had 5 spell levels left.
You didn't know any spells.

Dungeon Overview and Level Annotations

Branches:
Dungeon (5/15)
 Temple: D:4-7

Altars:
Elyvilon
Ru

Annotations:
D:5 Eustachio


Message History

* * * LOW HITPOINT WARNING * * *
Your shield prevents you from hitting the crocodile.
The crocodile is lightly wounded.
The crocodile bites you but does no damage.
You slash the crocodile!
The crocodile is heavily wounded.
The crocodile closely misses you.
You hit the crocodile.
The crocodile is severely wounded.
You block the crocodile's attack.
You closely miss the crocodile.
The crocodile is severely wounded.
The crocodile barely misses you.
Your shield and ring mail prevent you from hitting the crocodile.
The crocodile is severely wounded.
You block the crocodile's attack. The crocodile barely misses you.
You hit the crocodile but do no damage.
The crocodile is severely wounded.
The crocodile bites you!
You die...

#...........#### #.#
#..##.###.#....####.### #..##.#
#.#..#......>.. #..##.#
#.#....####.### #..##.# #.#.#.##
#.# ########..##.###.#....##
#.###
#.........##.........#.###....
#.######.#######..<..##.####.#
#.........t@................
.....(.####.#######......######..
.###.## #.########....## #.. #
#............## #..
############.# #.. #.### ##.
#.#.#######. #..#.#......
#.###.......


You could see a crocodile.

Vanquished Creatures
  An orc priest (D:3)
  2 orc wizards (D:3)
  2 worker ants (D:4)
  4 gnolls (D:4)
  6 adders
  An ooze (D:2)
  2 worms
  6 giant geckos
  6 orcs
  10 bats
  6 goblins
  6 hobgoblins
  3 ball pythons (D:3)
  4 giant cockroaches
  4 giant newts
  13 kobolds
  A quokka skeleton (D:4)
  8 rats
85 creatures vanquished.

Notes
Turn   | Place    | Note
--------------------------------------------------------------
     0 | D:1      | amnekian the Human Fighter began the quest for the Orb.
     0 | D:1      | Reached XP level 1. HP: 18/18 MP: 1/1
   146 | D:1      | Reached XP level 2. HP: 21/24 MP: 2/2
   368 | D:1      | Reached XP level 3. HP: 27/29 MP: 3/3
  1252 | D:2      | Reached skill level 4 in Long Blades
  1252 | D:2      | Reached XP level 4. HP: 35/35 MP: 4/4
  1823 | D:3      | Found a white marble altar of Elyvilon.
  1823 | D:3      | Found a sacrificial altar of Ru.
  1984 | D:3      | Reached XP level 5. HP: 36/41 MP: 5/5
  2256 | D:3      | Reached skill level 5 in Long Blades
  2717 | D:4      | Reached XP level 6. HP: 47/47 MP: 6/6
  2919 | D:3      | Reached skill level 6 in Long Blades
  3132 | D:4      | Noticed an ice beast
  3554 | D:5      | Entered Level 5 of the Dungeon
  3554 | D:5      | Noticed Eustachio
  3591 | D:4      | Noticed a crocodile
  3617 | D:4      | Mangled by a crocodile

Vault maps used:
D:1:      minmay_arrival_solitary_statue, st_stairs_14
D:2:      minmay_liquid_box
D:3:      grunt_temple_overflow_open, first_bread
D:4:      sigmund_army
D:5:      minmay_goblin_kobold_castle, minmay_temple_entry_statues_fountains,
          nicolae_ossuary_entry_ruins, kennysheep_generic_room_2, uniq_edmund,
          uniq_eustachio

Action                   |  1- 3 |  4- 6 || total
-------------------------+-------+-------++-------
Melee: Long sword        |   113 |   197 ||   310
Throw: Javelin           |     4 |    11 ||    15
       Tomahawk          |       |    23 ||    23
  Use: Scroll            |       |     9 ||     9
       Potion            |       |     1 ||     1
  Eat: Chunk             |     1 |     7 ||     8
       Fruit             |       |     1 ||     1
